AoeStats
← fede dela T

Northern Isles

510577898Analyzed
1v1 RM · 2d ago on Oct 1, 2026· 52m 17s· 2 players
Game mode
Random Map
Map size
Tiny (2 player)
Population
200
Speed
Normal
Resources
Standard
Victory
Conquest
Starting age
Dark Age
Ending age
Imperial Age
RankedLock teamsTeams togetherTeam positionsShared explorationLock speedFull tech treeHidden civsTurbo modeCheats
Victory
Defeat
🇨🇴 Spanish · Colombia
409
+17
🇦🇷 Franks · Argentina
426
-17
SapKill
0:35 Loom
15:13 Feudal Age
17:52 Wheelbarrow
21:24 Fishing Lines
23:36 Arson
26:29 Castle Age
25:02 Forging
24:53 Padded Archer Armor
24:46 Fletching
24:57 Scale Mail Armor
26:39 Town Watch
26:41 Pikeman
27:49 Squires
30:18 Iron Casting
29:59 Leather Archer Armor
29:41 Bodkin Arrow
30:39 Horse Collar
30:55 Double-Bit Axe
35:13 Hand Cart
37:26 Bow Saw
44:36 Imperial Age
43:57 Chain Mail Armor
44:25 Ballistics
45:00 Halberdier
48:27 Chemistry
fede dela T
2:03 Loom
10:26 Feudal Age
18:07 Castle Age
20:59 Scale Barding Armor
24:39 Fishing Lines
30:00 Demolition Ship
30:34 Gillnets
35:15 Imperial Age
32:38 Double-Bit Axe
32:45 Stone Mining
32:45 Gold Mining
33:13 Husbandry
34:20 Fervor
36:58 Fletching
37:09 Padded Archer Armor
38:44 Gold Mining
39:26 Leather Archer Armor
39:07 Bodkin Arrow
49:25 Chivalry
48:48 Ordonnance Companies
51:22 Chemistry
Connection lost

Rejoining the realm…

Still unreachable

The connection could not be restored.

Session expired

The server has moved on; the page needs a fresh start.